 Dungeon Sprint DCSS version 0.30-a0-1116-gebefce21f7 (webtiles) character file.

Game seed: 15629661824317061254

468594 fozzywoppz the End of an Era (level 19, 151/151 HPs)
             Began as a Gargoyle Fighter on Apr 21, 2023.
             Was the Champion of Qazlal.
             Escaped with the Orb!
             The game lasted 00:34:28 (2912 turns).

fozzywoppz the End of an Era (Gargoyle Fighter)     Turns: 2912, Time: 00:34:29

Health: 151/151    AC: 48    Str: 30    XL:     19   Next: 39%
Magic:  45/45      EV: 19    Int: 17    God:    Qazlal [******]
Gold:   0          SH: 36    Dex: 16    Spells: 18/18 levels left

rFire   + + +      SeeInvis +    w - +6 shillelagh "Devastator" {shatter}
rCold   + . .      Faith    .    y - +3 tower shield
rNeg    + + .      Spirit   .    c - +9 gold dragon scales
rPois   ∞          Reflect  .    M - +0 mask of the Dragon {Will+ Slay+3 SInv}
rElec   +          Rampage  +    (no cloak)
rCorr   .          NoTele   +    R - +0 pair of gloves {Str+3}
Will    ++...                    A - +0 pair of boots {rampage} Stlth
                                 O - amulet "Kuniara" {RegenMP rN+ Regen+}
HPRegen 1.25/turn                F - ring of Ucot {*Corrode rF++ MP+9 Dex+3 Slay+5}
MPRegen 0.69/turn                U - ring of Utween {rElec rPois Str+6 Int+5}

@: flying, studying 4 skills, repel missiles
A: sickness immunity, AC +14, big wings, negative energy resistance 1,
electricity resistance, torment resistance 1, petrification resistance, deformed
body
0: Orb of Zot
a: Renounce Religion, Upheaval, Elemental Force, Disaster Area


You escaped.
You worshipped Qazlal.
Qazlal was exalted by your worship.
You visited 1 branch

Inventory:

Hand Weapons
 a - the +8 frozen axe "Frostbite" {freeze, freezing cloud, *Noise Fly rC+}
   (You took it off an orc high priest in the Dungeon)

   rC:        It protects you from cold.
   Fly:       It grants you flight.
   *Noise:    It may make noises in combat.
 j - a +2 eveningstar of holy wrath
 n - a +3 eveningstar of electrocution
 u - the +7 great mace "Firestarter" {flame, immolate, rFlCloud rF++}
   (You found it in the Dungeon)

   rFlCloud:  It grants immunity to clouds of flame.
   rF:        It greatly protects you from fire.
 v - the +8 Vampire's Tooth {megavamp}
   (You found it in the Dungeon)
 w - the +6 shillelagh "Devastator" (weapon) {shatter}
   (You found it in the Dungeon)
 x - the +10 dark maul {heavy}
   (You found it in the Dungeon)
Missiles
 I - a silver javelin (quivered)
Armour
 b - the +0 kite shield of Lust {rPois Will+ Stlth+}
   (You acquired it in the Dungeon)

   rPois:     It protects you from poison.
   Will:      It increases your willpower.
   Stlth:     It makes you more stealthy.
 c - +9 gold dragon scales (worn)
 y - a +3 tower shield (worn)
 A - a +0 pair of boots of rampaging (worn)
 M - the +0 mask of the Dragon (worn) {Will+ Slay+3 SInv}
   (You found it in the Dungeon)

   Slay:      It affects your accuracy & damage with ranged weapons and melee
   (+3).
   SInv:      It lets you see invisible.
   Will:      It increases your willpower.
 Q - the +5 gold dragon scales of Exclusion {rPois rF+ rC+ rN+ Str-3 Stlth+}
   (You found it in the Dungeon)

   Str:       It affects your strength (-3).
   rF:        It protects you from fire.
   rC:        It protects you from cold.
   rPois:     It protects you from poison.
   rN:        It protects you from negative energy.
   Stlth:     It makes you more stealthy.
 R - a +0 pair of gloves of strength (worn)
Jewellery
 z - a ring of wizardry
 C - a ring of willpower
 D - an amulet of reflection
 F - the ring of Ucot (left hand) {*Corrode rF++ MP+9 Dex+3 Slay+5}
   (You found it in the Dungeon)

   [ring of magical power]

   Dex:       It affects your dexterity (+3).
   Slay:      It affects your accuracy & damage with ranged weapons and melee
   (+5).
   rF:        It greatly protects you from fire.
   MP:        It affects your magic capacity (+9).
   *Corrode:  It may corrode you when you take damage.
 G - the ring "Qemo" {rF- Will+ rCorr MP+9 Int+5}
   (You found it in the Dungeon)

   [ring of resist corrosion]

   Int:       It affects your intelligence (+5).
   rF:        It makes you vulnerable to fire.
   MP:        It affects your magic capacity (+9).
   rCorr:     It protects you from acid and corrosion.
   Will:      It increases your willpower.
 L - the ring of Vugeiss {rCorr MP+9}
   (You found it in the Dungeon)

   [ring of resist corrosion]

   MP:        It affects your magic capacity (+9).
   rCorr:     It protects you from acid and corrosion.
 N - the ring of Ziaptul {Fly MP+9 Str+5 Int+3}
   (You found it in the Dungeon)

   [ring of flight]

   Str:       It affects your strength (+5).
   Int:       It affects your intelligence (+3).
   MP:        It affects your magic capacity (+9).
   Fly:       It grants you flight.
 O - the amulet "Kuniara" (around neck) {RegenMP rN+ Regen+}
   (You found it in the Dungeon)

   [amulet of magic regeneration]

   It increases your rate of magic regeneration.
   rN:        It protects you from negative energy.
   Regen:     It increases your rate of health regeneration.
 P - the ring "Tumpoolu" {Contam MP+9 Str+5}
   (You found it in the Dungeon)

   [ring of magical power]

   Str:       It affects your strength (+5).
   MP:        It affects your magic capacity (+9).
   Contam:    It causes magical contamination when unequipped.
 S - the ring of Xemumaoc {*Slow rC+ Str+8 Int+2}
   (You found it in the Dungeon)

   [ring of protection from cold]

   Str:       It affects your strength (+8).
   Int:       It affects your intelligence (+2).
   rC:        It protects you from cold.
   *Slow:     It may slow you when you take damage.
 U - the ring of Utween (right hand) {rElec rPois Str+6 Int+5}
   (You found it in the Dungeon)

   [ring of strength]

   Str:       It affects your strength (+6).
   Int:       It affects your intelligence (+5).
   rElec:     It insulates you from electricity.
   rPois:     It protects you from poison.
 V - an amulet of faith
 W - the ring of Veipparu {rF+ Will+ Str+3 Dex-5}
   (You found it in the Dungeon)

   [ring of protection from fire]

   Str:       It affects your strength (+3).
   Dex:       It affects your dexterity (-5).
   rF:        It protects you from fire.
   Will:      It increases your willpower.
 X - the ring "Busafatitz" {rPois MP+9 Str+2 Int-5}
   (You found it in the Dungeon)

   [ring of magical power]

   Str:       It affects your strength (+2).
   Int:       It affects your intelligence (-5).
   rPois:     It protects you from poison.
   MP:        It affects your magic capacity (+9).
Wands
 s - a wand of mindburst (43)
 t - a wand of light (16)
 B - a wand of roots (83)
 H - a wand of paralysis (21)
 J - a wand of polymorph (26)
 K - a wand of digging (34)
 T - a wand of flame (26)
Scrolls
 o - 4 scrolls of amnesia
 p - 7 scrolls of fog
 q - 5 scrolls of identify
 r - a scroll of fear
 E - 6 scrolls of brand weapon
Potions
 d - 5 potions of might
 e - 10 potions of curing
 f - 13 potions of heal wounds
 g - 29 potions of haste
 h - 7 potions of magic
 i - 3 potions of berserk rage
 k - 2 potions of brilliance
 l - 2 potions of invisibility
 m - 4 potions of resistance


   Skills:
 O Level 27 Fighting
 + Level 23.7 Maces & Flails
 + Level 15.5 Throwing
 O Level 27 Armour
 + Level 24.7 Dodging
 O Level 27 Shields
 O Level 27 Invocations
 + Level 15.5 Evocations


You had 18 spell levels left.
You didn't know any spells.
Your spell library contained the following spells:

 Spells                   Type           Power      Damage    Failure   Level
 Apportation              Tloc           0%         N/A       77%         1
 Beastly Appendage        Tmut           0%         N/A       77%         1
 Foxfire                  Conj/Fire      0%         2x1d4     77%         1
 Kiss of Death            Conj/Necr      0%         2d5       77%         1
 Sandblast                Erth           0%         2d4       77%         1
 Shock                    Conj/Air       0%         1d3       77%         1
 Sting                    Tmut/Pois      0%         1d3       77%         1
 Blink                    Tloc           0%         N/A       88%         2
 Call Imp                 Summ           0%         N/A       88%         2
 Ensorcelled Hibernation  Hex/Ice        0%         N/A       88%         2
 Passwall                 Tmut/Erth      0%         N/A       88%         2
 Poisonous Vapours        Pois/Air       0%         N/A       88%         2
 Static Discharge         Conj/Air       0%         2-2/arc   88%         2
 Wereblood                Tmut           0%         N/A       88%         2
 Call Canine Familiar     Summ           0%         N/A       98%         3
 Confusing Touch          Hex            0%         N/A       98%         3
 Dazzling Flash           Conj/Hex       0%         N/A       98%         3
 Frozen Ramparts          Ice            0%         1d1       98%         3
 Gell's Gravitas          Tloc           0%         N/A       98%         3
 Ignite Poison            Fire/Tmut/Pois 0%         N/A       98%         3
 Inner Flame              Hex/Fire       0%         N/A       98%         3
 Portal Projectile        Hex/Tloc       0%         N/A       98%         3
 Spider Form              Tmut/Pois      0%         N/A       98%         3
 Stone Arrow              Conj/Erth      0%         3d7       98%         3
 Summon Guardian Golem    Hex/Summ       0%         N/A       98%         3
 Swiftness                Air            0%         N/A       98%         3
 Teleport Other           Tloc           0%         N/A       98%         3
 Tukima's Dance           Hex            0%         N/A       98%         3
 Volatile Blastmotes      Fire/Tloc      0%         2d10      98%         3
 Airstrike                Air            0%         2d(0-16)  100%        4
 Anguish                  Hex/Necr       0%         N/A       100%        4
 Animate Armour           Summ/Erth      0%         N/A       100%        4
 Animate Dead             Necr           0%         N/A       100%        4
 Cause Fear               Hex            0%         N/A       100%        4
 Dispel Undead            Necr           0%         3d6       100%        4
 Flame Wave               Conj/Fire      0%         2d4       100%        4
 Fulminant Prism          Conj/Hex       0%         3d5       100%        4
 Ice Form                 Ice/Tmut       0%         N/A       100%        4
 Iskenderun's Mystic Bla  Conj/Tloc      0%         2d3       100%        4
 Leda's Liquefaction      Hex/Erth       0%         N/A       100%        4
 Manifold Assault         Tloc           0%         N/A       100%        4
 Olgreb's Toxic Radiance  Pois           0%         N/A       100%        4
 Passage of Golubria      Tloc           0%         N/A       100%        4
 Petrify                  Tmut/Erth      0%         N/A       100%        4
 Sticky Flame             Conj/Fire      0%         2d3       100%        4
 Summon Ice Beast         Ice/Summ       0%         N/A       100%        4
 Summon Lightning Spire   Summ/Air       0%         N/A       100%        4
 Agony                    Necr           0%         N/A       100%        5
 Alistair's Intoxication  Tmut/Pois      0%         N/A       100%        5
 Blade Hands              Tmut           0%         N/A       100%        5
 Borgnjor's Vile Clutch   Necr/Erth      0%         N/A       100%        5
 Fireball                 Conj/Fire      0%         3d3       100%        5
 Iskenderun's Battlesphe  Conj           0%         2d6       100%        5
 Lee's Rapid Deconstruct  Erth           0%         3d4*      100%        5
 Metabolic Englaciation   Hex/Ice        0%         N/A       100%        5
 Silence                  Hex/Air        0%         N/A       100%        5
 Summon Forest            Summ/Tloc      0%         N/A       100%        5
 Summon Mana Viper        Hex/Summ       0%         N/A       100%        5
 Yara's Violent Unravell  Hex/Tmut       0%         3d3       100%        5
 Death Channel            Necr           0%         N/A       100%        6
 Dispersal                Tloc           0%         N/A       100%        6
 Iron Shot                Conj/Erth      0%         9d1       100%        6
 Simulacrum               Ice/Necr       0%         N/A       100%        6
 Starburst                Conj/Fire      0%         6d3       100%        6
 Summon Cactus Giant      Summ           0%         N/A       100%        6
 Enfeeble                 Hex            0%         N/A       100%        7
 Haunt                    Necr/Summ      0%         N/A       100%        7
 Orb of Destruction       Conj           0%         9d5       100%        7
 Ozocubu's Refrigeration  Ice            0%         4d7       100%        7
 Spellforged Servitor     Conj/Summ      0%         N/A       100%        7
 Storm Form               Tmut/Air       0%         N/A       100%        7
 Summon Hydra             Summ           0%         N/A       100%        7
 Discord                  Hex            0%         N/A       100%        8
 Disjunction              Tloc           0%         N/A       100%        8
 Ignition                 Fire           0%         3d3       100%        8
 Lehudib's Crystal Spear  Conj/Erth      0%         10d2      100%        8
 Maxwell's Capacitive Co  Air            0%         ∞         100%        8
 Necromutation            Tmut/Necr      0%         N/A       100%        8
 Summon Horrible Things   Summ           0%         N/A       100%        8
 Chain Lightning          Conj/Air       0%         N/A       100%        9
 Fire Storm               Conj/Fire      0%         5d1       100%        9
 Polar Vortex             Ice            0%         N/A       100%        9
 Shatter                  Erth           0%         3d5*      100%        9
 Statue Form              Tmut/Erth      Unusable   N/A       N/A         6

Dungeon Overview and Level Annotations

Branches:
Dungeon (1/1)

Altars:
Ashenzari
Cheibriados
Dithmenos
Elyvilon
Fedhas
Gozag
Hepliaklqana
Kikubaaqudgha
Makhleb
Nemelex Xobeh
Okawaru
Qazlal
Ru
Sif Muna
Trog
Uskayaw
Vehumet
Wu Jian
Xom
Yredelemnul
Zin
The Shining One
Jiyva
Lugonu


Innate Abilities, Weirdness & Mutations

You are immune to sickness and miasma.
Your stone body is resilient. (AC +14)
You are immune to poison.
Your large and strong wings let you fly.
You resist negative energy. (rN+)
You are resistant to electric shocks. (rElec)
You are resistant to unholy torment.
You are immune to petrification.
Armour fits poorly on your strangely shaped body.


Message History

You see here a +1 dagger of freezing.
You see here the Verses on Ill Luck.
You see here the +4 Cigotuvi's embrace {Corpsefed rMiasma Drain rN+}.
Your protection from physical attacks is fading.
E - 5 scrolls of brand weapon (gained 1)
You see here a +2 robe of fire resistance.
E - 6 scrolls of brand weapon (gained 1)
V - an amulet of faith
T - a wand of flame (26) (gained 7 charges)
You see here the +0 plate armour of the Evening {Rampage rElec MP-9 Str+5}.
You feel less protected from physical attacks.
t - a wand of light (16) (gained 6 charges)
W - the ring of Veipparu {rF+ Will+ Str+3 Dex-5}
Press: ? - help, v - describe, . - travel, g - get item
Items here: the ring of Lyjuifud {rPois Int+3 Stlth+}; an ice dragon corpse.
The floor.
There is a cloud of flame here.
B - a wand of roots (83) (gained 4 charges)
You see here a swamp drake corpse.
Things that are here:
a staff of earth; a +1 shortbow of freezing; a wyvern corpse You see here a +2 robe of fire resistance.
X - the ring "Busafatitz" {rPois MP+9 Str+2 Int-5}
There is a transporter here.
Things that are here:
a +2 shortbow of flaming; a +2 chain mail of fire resistance An exit appears before you!
You enter the transporter and appear at another place.
Found the Orb of Zot.
Found a staircase leading out of the dungeon.
Unknown command.
You see here the Orb of Zot.
There is a staircase leading out of the dungeon here.
You see here the Orb of Zot.
You can't go down here!
You pick up the Orb of Zot!
The Orb lets out a hideous shriek!
The lords of Pandemonium are not amused.
Beware!
Now all you have to do is get back out of the dungeon!
There is a staircase leading out of the dungeon here.
You have escaped!

(....÷......▓~.▓..~~~..▓..▓...8©8
.[.(........▓.▓▓▓...~.▓▓▓~▓..)[)[
....(.÷.....▓~.▓.~..~~~▓~.▓..)=).
...)........▓.~.~~...~~~~~▓......
............▓.~~~..©......▓...)..
............▓▓▓▓▓▓▓▓▓▓▓▓▓▓▓.....)
▓.......▓...▓8888888888888▓....))
▓▓.....▓▓▓..▓8...........8▓..▓.).
▓.......▓...▓8..@.....©..8▓.▓...)
............▓8.§○☼○......8▓....©.
....©.......▓8888888888888▓▓▓▓▓▓▓
▓▓▓▓▓▓▓▓▓▓▓▓▓▓▓▓▓▓▓▓▓▓▓▓▓▓▓▓▓▓▓▓▓
=.../8©8........▓......†=8©8..†..
.))[.[[)[).:):).▓..[[|||.)......|
)...[())))))))).▓.).)....))))....
(.)|)).))=†..)..▓.[.|...:......[.
)[.(...).))[...)▓....†.=........†


There were no monsters in sight!

Vanquished Creatures
  A juggernaut (shapeshifter) (D)
  2 caustic shrikes (D)
  A shard shrike (shapeshifter) (D)
  A caustic shrike (shapeshifter) (D)
  A curse toe (D)
  8 golden dragons (D)
  Nikola (D)
  2 golden dragons (shapeshifter) (D)
  2 doom hounds (D)
  2 Tzitzimimeh (D)
  An iron giant (D)
  A tainted leviathan (D)
  A tentacled monstrosity (D)
  Rupert (D)
  11 quicksilver dragons (D)
  3 Orb Guardians (D)
  3 deep elf blademasters (D)
  2 deep elf master archers (D)
  2 acid blobs (shapeshifter) (D)
  7 ancient champions (D)
  A rockslime (shapeshifter) (D)
  A death cob (D)
  2 tentacled starspawn (D)
  An azure jelly (shapeshifter) (D)
  8 shadow dragons (D)
  2 nagarajas (D)
  A rockslime (D)
  7 iron dragons (D)
  An emperor scorpion (shapeshifter) (D)
  3 deep elf sorcerers (D)
  Louise (D)
  A draconian scorcher (D)
  An orc warlord (D)
  A broodmother (D)
  5 ghouls (D)
  2 war gargoyles (D)
  6 stone giants (D)
  A broodmother (shapeshifter) (D)
  2 very ugly things (D)
  3 green draconians (D)
  3 deep elf annihilators (D)
  A bunyip (shapeshifter) (D)
  3 black draconians (D)
  2 putrid mouths (D)
  2 purple draconians (D)
  3 red draconians (D)
  7 yellow draconians (D)
  A white draconian (D)
  6 starcursed masses (D)
  A spark wasp (shapeshifter) (D)
  Snorg (D)
  8 iron golems (D)
  3 crystal guardians (D)
  A merfolk javelineer (D)
  3 great orbs of eyes (D)
  Josephine (D)
  3 merfolk impalers (D)
  2 deep elf high priests (D)
  4 fire dragons (D)
  A hydra (shapeshifter) (D)
  3 ice dragons (D)
  Erolcha (D)
  6 hydras (D)
  An ice dragon (shapeshifter) (D)
  A jorogumo (shapeshifter) (D)
  4 merfolk aquamancers (D)
  A radroach (D)
  4 anacondas (D)
  Erica (D)
  2 anacondas (shapeshifter) (D)
  A satyr (D)
  A two-headed ogre (shapeshifter) (D)
  2 dancing weapons (D)
  2 two-headed ogres (D)
  A satyr (shapeshifter) (D)
  2 naga warriors (D)
  Urug (D)
  3 orc high priests (D)
  A thrashing horror (D)
  A deep elf knight (D)
  A sun demon (D)
  5 soul eaters (D)
  3 crystal echidnas (D)
  A shock serpent (shapeshifter) (D)
  2 wretched stars (D)
  2 pharaoh ants (D)
  A skyshark (shapeshifter) (D)
  A shadow wraith (D)
  A swamp dragon (shapeshifter) (D)
  A glowing orange brain (shapeshifter) (D)
  A sea snake (D)
  7 death drakes (D)
  6 large abominations (D)
  A sun moth (D)
  A death drake (shapeshifter) (D)
  2 deep elf archers (D)
  8 swamp dragons (D)
  2 steelbarb worms (shapeshifter) (D)
  8 orc knights (D)
  2 orb spiders (shapeshifter) (D)
  Pikel (D)
  A steelbarb worm (D)
  A mana viper (shapeshifter) (D)
  A wolf spider (D)
  A mana viper (D)
  A harpy (D)
  A harpy (shapeshifter) (D)
  A salamander (shapeshifter) (D)
  3 deep elf zephyrmancers (D)
  An orc sorcerer (D)
  A wolf spider (shapeshifter) (D)
  2 shining eyes (D)
  A faun (D)
  3 ugly things (D)
  A worldbinder (D)
  A cyclops (D)
  2 moths of wrath (shapeshifter) (D)
  A cyclops (shapeshifter) (D)
  5 moths of wrath (D)
  A guardian serpent (shapeshifter) (D)
  5 guardian serpents (D)
  A demonic crawler (D)
  4 torpor snails (shapeshifter) (D)
  A merfolk siren (D)
  4 naga magi (D)
  2 eyes of devastation (shapeshifter) (D)
  A water nymph (shapeshifter) (D)
  A black mamba (shapeshifter) (D)
  2 gargoyles (D)
  An eye of devastation (D)
  2 black mambas (D)
  3 cane toads (D)
  2 smoke demons (D)
  2 unseen horrors (shapeshifter) (D)
  Psyche (D)
  An efreet (D)
  A hellion (D)
  3 komodo dragons (D)
  A yaktaur (shapeshifter) (D)
  A rime drake (D)
  An ancient zyme (D)
  A rime drake (shapeshifter) (D)
  An ice devil (D)
  2 tormentors (D)
  A queen bee (shapeshifter) (D)
  2 merfolk (shapeshifter) (D)
  2 merfolk (D)
  4 trolls (D)
  3 raiju (D)
  Prince Ribbit (D)
  A tarantella (shapeshifter) (D)
  3 hornets (D)
  A tarantella (D)
  A raiju (shapeshifter) (D)
  2 dream sheep (shapeshifter) (D)
  2 snapping turtles (D)
  A slime creature (shapeshifter) (D)
  3 slime creatures (D)
  2 jumping spiders (D)
  2 culicivoras (D)
  A culicivora (shapeshifter) (D)
  2 snapping turtles (shapeshifter) (D)
  3 water elementals (D)
  A spriggan (D)
  A shadow (D)
  A yak (D)
  A spriggan (shapeshifter) (D)
  10 wyverns (D)
  2 fire elementals (D)
  A hog (shapeshifter) (D)
  A ynoxinul (D)
  A golden eye (D)
  A human (shapeshifter) (D)
  2 redbacks (D)
  2 chaos spawn (D)
  7 steam dragons (D)
  2 neqoxecs (D)
  2 nagas (D)
  Menkaure (D)
  An acid dragon (shapeshifter) (D)
  3 wargs (D)
  A swamp worm (shapeshifter) (D)
  5 water moccasins (D)
  4 acid dragons (D)
  15 orc warriors (D)
  A floating eye (shapeshifter) (D)
  5 swamp drakes (D)
  2 black bears (shapeshifter) (D)
  6 wolves (D)
  6 ogres (D)
  A phantom (D)
  Blork the orc (D)
  4 bullfrogs (D)
  3 scorpions (D)
  6 earth elementals (D)
  8 small abominations (D)
  A wight (D)
  A crimson imp (D)
  A quasit (D)
  2 jellies (D)
  A gnoll bouda (D)
  5 orc priests (D)
  3 iguanas (D)
  2 iron imps (D)
  Terence (D)
  3 orc wizards (D)
  2 adders (D)
  A river rat (D)
  A shadow imp (D)
  A white imp (D)
  2 ufetubi (D)
  An adder zombie (D)
  An orc (D)
  A bat skeleton (D)
  A bat zombie (D)
  3 endoplasms (D)
  2 jackals (D)
  4 ball python skeletons (D)
  3 ball python zombies (D)
  A bat simulacrum (D)
  A frilled lizard (shapeshifter) (D)
  3 giant cockroach zombies (D)
  A jackal skeleton (D)
  2 quokka skeletons (D)
  A quokka zombie (D)
  A spectral giant cockroach (D)
  A lurking horror (D)
527 creatures vanquished.

Vanquished Creatures (collateral kills)
  A swamp dragon (D)
1 creature vanquished.

Vanquished Creatures (others)
  An ufetubus (D)
1 creature vanquished.

Grand Total: 529 creatures vanquished

Notes
Turn   | Place    | Note
-------+----------+-------------------------------------------
     0 | D        | fozzywoppz the Gargoyle Fighter began the quest for the
                  | Orb.
     0 | D        | Reached XP level 1. HP: 14/14 MP: 1/1
     0 | D        | Found a shimmering blue altar of Sif Muna.
     0 | D        | Found a sacrificial altar of Ru.
     0 | D        | Found a bloodstained altar of Trog.
     0 | D        | Found a stormy altar of Qazlal.
     0 | D        | Found an iron altar of Okawaru.
     0 | D        | Found a sparkling altar of Nemelex Xobeh.
     0 | D        | Found a blossoming altar of Fedhas.
     0 | D        | Found the +6 Majin-Bo {spellvamp, MP+6 Int+6}
     0 | D        | Found the +27 heavy crossbow "Sniper" {heavy, Acc+∞ SInv}
     0 | D        | Found the +10 dark maul {heavy}
     0 | D        | Found the +15 Maxwell's patent armour {-Cast -Tele rElec
                  | Will+ rCorr}
     0 | D        | Found the +18 shield of the Gong {Loud rN+ Will+ rCorr
                  | EV-5}
     0 | D        | Found the +16 obsidian axe {drain, demonic, Mesm Drain Fly
                  | SInv}
     0 | D        | Found the +7 great mace "Firestarter" {flame, immolate,
                  | rFlCloud rF++}
     0 | D        | Found the +6 shillelagh "Devastator" {shatter}
     0 | D        | Found the +11 plutonium sword {Contam Stlth-}
     0 | D        | Found the +8 lance "Wyrmbane" {slay drac, rPois rF+ rC+
                  | AC+3}
     0 | D        | Found the +9 sword of Zonguldrok {reap}
     0 | D        | Found the +13 scythe of Curses {drain, curses, Drain}
     0 | D        | Found the +9 sword of Power {lifebolt}
     0 | D        | Found the +7 mace of Variability {chaos, chaos arc}
     0 | D        | Found the +11 Singing Sword {sonic wave}
     0 | D        | Found the +8 storm bow {elec, penet}
     2 | D        | Found a transporter.
     2 | D        | Found an ancient bone altar of Kikubaaqudgha.
     2 | D        | Found a viscous altar of Jiyva.
     2 | D        | Found a corrupted altar of Lugonu.
     2 | D        | Found a hazy altar of Hepliaklqana.
     2 | D        | Found a burning altar of Makhleb.
     2 | D        | Found an opulent altar of Gozag.
     7 | D        | Banished a spatial maelstrom
   179 | D        | Became a worshipper of Qazlal Stormbringer
   187 | D        | Entered arena 2.
   187 | D        | Found a transporter.
   191 | D        | Reached skill level 1 in Invocations
   191 | D        | Reached XP level 2. HP: 20/20 MP: 1/3
   216 | D        | Entered arena 3.
   216 | D        | Noticed a wight
   216 | D        | Noticed a phantom
   216 | D        | Found a transporter.
   219 | D        | Killed a wight
   219 | D        | Reached * piety under Qazlal
   220 | D        | Reached XP level 3. HP: 25/25 MP: 3/5
   220 | D        | Reached XP level 4. HP: 30/30 MP: 3/6
   226 | D        | Killed a phantom
   227 | D        | Reached skill level 5 in Fighting
   227 | D        | Reached skill level 5 in Armour
   227 | D        | Reached skill level 5 in Shields
   227 | D        | Reached XP level 5. HP: 36/36 MP: 4/8
   246 | D        | Entered arena 4.
   246 | D        | Found a transporter.
   248 | D        | Reached ** piety under Qazlal
   250 | D        | Reached skill level 5 in Maces & Flails
   252 | D        | Reached skill level 5 in Invocations
   252 | D        | Reached XP level 6. HP: 38/42 MP: 6/10
   269 | D        | Entered arena 5.
   269 | D        | Noticed a spriggan
   269 | D        | Found a transporter.
   274 | D        | Reached *** piety under Qazlal
   278 | D        | Killed a spriggan
   279 | D        | Reached XP level 7. HP: 36/50 MP: 10/12
   329 | D        | Entered arena 6.
   329 | D        | Noticed a jumping spider
   329 | D        | Noticed a tarantella
   329 | D        | Found a transporter.
   332 | D        | Killed a tarantella
   332 | D        | Reached **** piety under Qazlal
   333 | D        | Reached XP level 8. HP: 56/56 MP: 12/14
   339 | D        | Killed a jumping spider
   350 | D        | Got the ring of Ucot {*Corrode rF++ MP+9 Dex+3 Slay+5}
   404 | D        | Entered arena 7.
   405 | D        | Found a transporter.
   407 | D        | Reached ***** piety under Qazlal
   416 | D        | Got the ring "Qemo" {rF- Will+ rCorr MP+9 Int+5}
   428 | D        | Entered arena 8.
   428 | D        | Noticed an efreet
   429 | D        | Found a transporter.
   437 | D        | Reached skill level 5 in Dodging
   437 | D        | Reached XP level 9. HP: 51/62 MP: 15/15
   441 | D        | Killed an efreet
   441 | D        | Reached ****** piety under Qazlal
   442 | D        | Reached skill level 10 in Fighting
   442 | D        | Reached skill level 10 in Armour
   442 | D        | Reached skill level 10 in Shields
   507 | D        | Entered arena 9.
   507 | D        | Noticed a shining eye
   507 | D        | Noticed an eye of devastation
   507 | D        | Gained mutation: Armour fits poorly on your strangely
                  | shaped body. [a shining eye]
   510 | D        | Found a transporter.
   514 | D        | Reached XP level 10. HP: 68/68 MP: 17/17
   514 | D        | Killed a shining eye
   515 | D        | Reached skill level 10 in Invocations
   519 | D        | Killed an eye of devastation
   521 | D        | Reached skill level 10 in Maces & Flails
   541 | D        | Entered arena 10.
   541 | D        | Noticed a cane toad
   541 | D        | Noticed a cane toad
   541 | D        | Noticed a cane toad
   542 | D        | Found a transporter.
   548 | D        | Killed a cane toad
   553 | D        | Killed a cane toad
   556 | D        | Killed a cane toad
   571 | D        | Got the ring of Vugeiss {rCorr MP+9}
   583 | D        | Entered arena 11.
   590 | D        | Reached XP level 11. HP: 60/76 MP: 19/19
   591 | D        | Found a transporter.
   614 | D        | Entered arena 12.
   614 | D        | Noticed a great orb of eyes
   614 | D        | Noticed a rockslime
   614 | D        | Noticed a great orb of eyes
   614 | D        | Noticed a great orb of eyes
   616 | D        | Killed a great orb of eyes
   617 | D        | Noticed a shining eye
   621 | D        | Found a transporter.
   625 | D        | Killed a rockslime
   628 | D        | Killed a shining eye
   634 | D        | Killed a great orb of eyes
   635 | D        | Killed a great orb of eyes
   644 | D        | Got Peig's Textbook on Kinetic Unhallowed Magic
   761 | D        | Entered arena 13.
   761 | D        | Noticed a deep elf blademaster
   761 | D        | Noticed a deep elf knight
   761 | D        | Noticed a deep elf zephyrmancer
   761 | D        | Noticed a deep elf sorcerer
   762 | D        | Noticed a +2 trident of venom
   762 | D        | Identified the +8 short sword "Qoxt" {holy, rF+ rCorr}
   762 | D        | Noticed a deep elf zephyrmancer
   763 | D        | Noticed a deep elf archer
   764 | D        | Noticed a deep elf archer
   764 | D        | Killed a deep elf knight
   765 | D        | Killed a deep elf sorcerer
   765 | D        | Killed a +2 trident of venom
   765 | D        | Noticed a deep elf zephyrmancer
   766 | D        | Noticed a deep elf blademaster
   769 | D        | Killed a deep elf blademaster
   770 | D        | Reached XP level 12. HP: 83/86 MP: 22/22
   772 | D        | Found a transporter.
   779 | D        | Reached skill level 15 in Fighting
   779 | D        | Reached skill level 15 in Armour
   779 | D        | Reached skill level 15 in Shields
   781 | D        | Killed a deep elf blademaster
   782 | D        | Reached skill level 15 in Invocations
   894 | D        | Entered arena 14.
   894 | D        | Noticed a fire dragon
   894 | D        | Noticed a fire dragon
   895 | D        | Noticed a seven-headed hydra
   919 | D        | Killed a seven-headed hydra
   922 | D        | Killed a fire dragon
   926 | D        | Found a transporter.
   938 | D        | Reached skill level 15 in Maces & Flails
   946 | D        | Killed a fire dragon
   963 | D        | Got Esmaxau's Guidebook on Glamour
  1025 | D        | Entered arena 15.
  1025 | D        | Noticed a deep elf sorcerer
  1026 | D        | Acquired a +3 heavy eveningstar
  1026 | D        | Noticed a deep elf annihilator
  1027 | D        | Noticed a deep elf annihilator
  1027 | D        | Noticed a deep elf sorcerer
  1028 | D        | Identified the ring "Coazidwu" {Fly rElec Dex+6}
  1028 | D        | Noticed a deep elf annihilator
  1028 | D        | Noticed a deep elf master archer
  1028 | D        | Noticed a deep elf blademaster
  1028 | D        | Noticed a deep elf high priest
  1028 | D        | Noticed a deep elf high priest
  1031 | D        | Killed a deep elf sorcerer
  1031 | D        | Killed a deep elf high priest
  1032 | D        | Reached XP level 13. HP: 82/92 MP: 25/25
  1032 | D        | Identified the ring "Zeinteiq" {*Slow rPois rF+ MP+9 Str+2}
  1032 | D        | Noticed a deep elf master archer
  1033 | D        | Killed a deep elf blademaster
  1034 | D        | Killed a deep elf annihilator
  1034 | D        | Killed a deep elf master archer
  1034 | D        | Killed a deep elf high priest
  1034 | D        | Killed a deep elf master archer
  1034 | D        | Killed a deep elf annihilator
  1037 | D        | Killed a deep elf annihilator
  1037 | D        | Killed a deep elf sorcerer
  1038 | D        | Found a transporter.
  1048 | D        | Got the Exposition on the Gang
  1112 | D        | Entered arena 16.
  1112 | D        | Noticed Prince Ribbit
  1112 | D        | Noticed Pikel
  1112 | D        | Noticed Louise
  1113 | D        | Noticed Rupert
  1113 | D        | Noticed Josephine
  1113 | D        | Noticed Psyche
  1113 | D        | Noticed Urug
  1113 | D        | Noticed Erica
  1113 | D        | Noticed Erolcha
  1113 | D        | Noticed Blork the orc
  1113 | D        | Noticed Menkaure
  1113 | D        | Noticed Terence
  1113 | D        | Noticed Nikola
  1114 | D        | Noticed Snorg
  1115 | D        | Killed Josephine
  1115 | D        | Killed Menkaure
  1115 | D        | Killed Blork the orc
  1115 | D        | Killed Erolcha
  1115 | D        | Killed Prince Ribbit
  1115 | D        | Killed Erica
  1115 | D        | Killed Terence
  1115 | D        | Killed Snorg
  1115 | D        | Killed Psyche
  1115 | D        | Killed Urug
  1115 | D        | Killed Pikel
  1115 | D        | Killed Louise
  1115 | D        | Killed Rupert
  1116 | D        | Found a transporter.
  1128 | D        | Killed Nikola
  1139 | D        | Got the ring of Demubrel {Int+6 Slay+2}
  1143 | D        | Got the Secrets of Attacks
  1305 | D        | Got the ring "Tumpoolu" {Contam MP+9 Str+5}
  1309 | D        | Entered arena 17.
  1311 | D        | Noticed a broodmother
  1315 | D        | Gained mutation: Your large and strong wings let you fly.
                  | [Gargoyle growth]
  1315 | D        | Reached XP level 14. HP: 91/98 MP: 27/27
  1325 | D        | Killed a broodmother
  1348 | D        | Reached skill level 10 in Dodging
  1351 | D        | Found a transporter.
  1361 | D        | Got the +5 gold dragon scales of Exclusion {rPois rF+ rC+
                  | rN+ Str-3 Stlth+}
  1366 | D        | Got the ring of Xemumaoc {*Slow rC+ Str+8 Int+2}
  1529 | D        | Entered arena 18.
  1531 | D        | Noticed a red very ugly thing
  1531 | D        | Noticed a green very ugly thing
  1533 | D        | Killed a green very ugly thing
  1540 | D        | Killed a cyan very ugly thing
  1542 | D        | Found a transporter.
  1559 | D        | Got the Reference Book on the Blizzard and Combat Magic
  1573 | D        | Got the Compendium of Summoning
  1591 | D        | Entered arena 19.
  1594 | D        | Found the +0 mask of the Dragon {Will+ Slay+3 SInv}
  1594 | D        | Identified the +8 short sword "Kyefewu" {freeze, Will-
                  | Int+3 Dex+4}
  1594 | D        | Identified the +1 rapier of Punishment {antimagic, Will+
                  | Int+2}
  1597 | D        | Found a transporter.
  1598 | D        | Found the +8 Vampire's Tooth {megavamp}
  1607 | D        | Got the ring of Iseafrey {MP+9 AC+4 Str-3 Int+7}
  1742 | D        | Entered arena 20.
  1746 | D        | Noticed an ancient champion
  1746 | D        | Noticed an ancient champion
  1746 | D        | Noticed a caustic shrike
  1746 | D        | Noticed an ancient champion
  1746 | D        | Noticed a war gargoyle
  1746 | D        | Noticed an ancient champion
  1746 | D        | Noticed a caustic shrike
  1746 | D        | Noticed an ancient champion
  1746 | D        | Noticed a war gargoyle
  1747 | D        | Killed an ancient champion
  1747 | D        | Killed an ancient champion
  1747 | D        | Noticed an iron giant
  1747 | D        | Noticed an iron dragon
  1748 | D        | Noticed an iron dragon
  1748 | D        | Noticed an ancient champion
  1749 | D        | Killed an iron dragon
  1749 | D        | Killed an ancient champion
  1749 | D        | Killed an ancient champion
  1749 | D        | Killed a war gargoyle
  1749 | D        | Noticed an ancient champion
  1749 | D        | Found a transporter.
  1750 | D        | Reached XP level 15. HP: 69/108 MP: 30/30
  1750 | D        | Killed an iron giant
  1754 | D        | Killed a caustic shrike
  1754 | D        | Killed an ancient champion
  1754 | D        | Killed a caustic shrike
  1754 | D        | Killed an iron dragon
  1754 | D        | Killed an ancient champion
  1759 | D        | Killed an ancient champion
  1876 | D        | Acquired the +0 kite shield of Lust {rPois Will+ Stlth+}
  2004 | D        | Entered arena 21.
  2007 | D        | Noticed a nagaraja
  2008 | D        | Noticed a nagaraja
  2009 | D        | Killed a nagaraja
  2009 | D        | Killed a nagaraja
  2010 | D        | Reached skill level 15 in Dodging
  2017 | D        | Found a transporter.
  2066 | D        | Entered arena 22.
  2068 | D        | Noticed a quicksilver dragon
  2069 | D        | Noticed a quicksilver dragon
  2069 | D        | Noticed a quicksilver dragon
  2070 | D        | Noticed a quicksilver dragon
  2070 | D        | Noticed a quicksilver dragon
  2070 | D        | Noticed a quicksilver dragon
  2070 | D        | Noticed an iron dragon
  2070 | D        | Noticed an iron dragon
  2071 | D        | Killed a quicksilver dragon
  2071 | D        | Killed a quicksilver dragon
  2071 | D        | Killed a quicksilver dragon
  2071 | D        | Killed a quicksilver dragon
  2071 | D        | Killed a quicksilver dragon
  2071 | D        | Killed a quicksilver dragon
  2071 | D        | Killed an iron dragon
  2071 | D        | Killed an iron dragon
  2072 | D        | Reached XP level 16. HP: 124/124 MP: 33/33
  2077 | D        | Found a transporter.
  2140 | D        | HP: 5/124 [iron golem (3)]
  2162 | D        | Got the Precepts of the Bloody Map
  2406 | D        | Entered arena 23.
  2412 | D        | Noticed an Orb Guardian
  2412 | D        | Noticed a tentacled monstrosity
  2412 | D        | Noticed an Orb Guardian
  2413 | D        | Noticed a golden dragon
  2413 | D        | Noticed an Orb Guardian
  2413 | D        | Noticed a curse toe
  2413 | D        | Noticed a shadow dragon
  2413 | D        | Noticed a death cob
  2414 | D        | Noticed a golden dragon
  2415 | D        | Killed a curse toe
  2416 | D        | Reached skill level 27 in Invocations
  2416 | D        | Killed an Orb Guardian
  2416 | D        | Killed a death cob
  2416 | D        | Killed an Orb Guardian
  2416 | D        | Killed a golden dragon
  2418 | D        | Killed a shadow dragon
  2418 | D        | Killed a tentacled monstrosity
  2418 | D        | Killed a golden dragon
  2419 | D        | Reached XP level 17. HP: 113/138 MP: 28/34
  2422 | D        | Killed an Orb Guardian
  2430 | D        | Found a transporter.
  2432 | D        | Reached skill level 27 in Fighting
  2434 | D        | Reached skill level 27 in Armour
  2460 | D        | Got Biysyr's Dissertation on Bewitchment and Evolution
  2507 | D        | Entered arena 24.
  2512 | D        | Noticed a doom hound
  2512 | D        | Noticed a Tzitzimitl
  2512 | D        | Noticed a tainted leviathan
  2514 | D        | Noticed a doom hound
  2515 | D        | Killed a doom hound
  2515 | D        | Killed a doom hound
  2516 | D        | Killed a tainted leviathan
  2516 | D        | Killed a Tzitzimitl
  2517 | D        | Noticed a Tzitzimitl
  2518 | D        | Found a transporter.
  2529 | D        | Killed a Tzitzimitl
  2551 | D        | Got the ring of Ziaptul {Fly MP+9 Str+5 Int+3}
  2556 | D        | Got the amulet "Kuniara" {RegenMP rN+ Regen+}
  2611 | D        | Entered arena 25.
  2619 | D        | Noticed a tentacled starspawn
  2620 | D        | Killed a tentacled starspawn
  2620 | D        | Killed a tentacled starspawn
  2626 | D        | Found the +7 Spriggan's Knife {stab, EV+4 Stlth+}
  2627 | D        | Found a transporter.
  2627 | D        | Found the +5 robe of Night {Dark Will+ SInv}
  2659 | D        | Got the ring of Utween {rElec rPois Str+6 Int+5}
  2682 | D        | Entered arena 26.
  2691 | D        | Identified the +4 trident "Xerphug" {venom, rC+ rN+}
  2692 | D        | Found the +8 trishula "Condemnation" {holy, anguish, *Noise
                  | Fly rN+}
  2693 | D        | Reached skill level 27 in Shields
  2693 | D        | Reached XP level 18. HP: 122/145 MP: 35/35
  2694 | D        | Found a transporter.
  2700 | D        | Reached skill level 1 in Throwing
  2700 | D        | Reached skill level 1 in Evocations
  2728 | D        | Entered arena 27.
  2738 | D        | Noticed a titan
  2738 | D        | Identified the staff of death "Ehinin" {rElec rN+ Will+}
  2738 | D        | Noticed a titan
  2739 | D        | a titan changed into a rockslime
  2739 | D        | a rockslime changed into a golden dragon
  2739 | D        | Noticed a golden dragon (glowing shapeshifter)
  2740 | D        | Noticed a juggernaut
  2740 | D        | a rockslime changed into a juggernaut
  2740 | D        | Noticed a juggernaut (glowing shapeshifter)
  2740 | D        | a titan changed into a juggernaut
  2740 | D        | Noticed a juggernaut (glowing shapeshifter)
  2741 | D        | a juggernaut changed into a golden dragon
  2741 | D        | Noticed a golden dragon (glowing shapeshifter)
  2742 | D        | Killed a golden dragon
  2743 | D        | Noticed an iron giant
  2743 | D        | Noticed an iron giant
  2744 | D        | Killed a golden dragon
  2744 | D        | Killed a juggernaut
  2744 | D        | an iron giant changed into an acid blob
  2745 | D        | an iron giant changed into a caustic shrike
  2745 | D        | Noticed a caustic shrike (glowing shapeshifter)
  2747 | D        | Found a transporter.
  2747 | D        | Noticed a shard shrike
  2748 | D        | a caustic shrike changed into a shard shrike
  2748 | D        | Noticed a shard shrike (glowing shapeshifter)
  2752 | D        | Noticed an iron giant
  2753 | D        | a shard shrike changed into a rockslime
  2754 | D        | Killed a shard shrike
  2754 | D        | Noticed an iron giant
  2755 | D        | Reached skill level 10 in Throwing
  2755 | D        | Reached skill level 10 in Evocations
  2755 | D        | Noticed a golden dragon
  2755 | D        | Found the +12 pair of quick blades "Gyre" and "Gimble"
                  | {protect}
  2756 | D        | a golden dragon changed into an iron troll
  2759 | D        | an iron troll changed into a quicksilver dragon
  2759 | D        | Noticed a quicksilver dragon (glowing shapeshifter)
  2761 | D        | a quicksilver dragon changed into an iron troll
  2761 | D        | an iron giant changed into a caustic shrike
  2761 | D        | Noticed a caustic shrike (glowing shapeshifter)
  2771 | D        | Killed a caustic shrike
  2805 | D        | Got the Lectures on Bolts
  2812 | D        | Entered arena 28.
  2821 | D        | Noticed a golden dragon
  2821 | D        | Noticed a quicksilver dragon
  2821 | D        | Noticed a golden dragon
  2821 | D        | Noticed a golden dragon
  2822 | D        | Noticed a quicksilver dragon
  2822 | D        | Killed a quicksilver dragon
  2822 | D        | Killed a quicksilver dragon
  2822 | D        | Killed a quicksilver dragon
  2822 | D        | Killed a golden dragon
  2823 | D        | Reached XP level 19. HP: 143/151 MP: 36/36
  2823 | D        | Noticed a golden dragon
  2824 | D        | Noticed a golden dragon
  2824 | D        | Noticed a golden dragon
  2825 | D        | Killed a golden dragon
  2825 | D        | Killed a golden dragon
  2825 | D        | Killed a golden dragon
  2825 | D        | Killed a golden dragon
  2826 | D        | Found the +4 Cigotuvi's embrace {Corpsefed rMiasma Drain
                  | rN+}
  2827 | D        | Found a transporter.
  2830 | D        | Reached skill level 15 in Throwing
  2830 | D        | Reached skill level 15 in Evocations
  2834 | D        | Killed a golden dragon
  2876 | D        | Got the ring of Veipparu {rF+ Will+ Str+3 Dex-5}
  2890 | D        | Got the ring "Busafatitz" {rPois MP+9 Str+2 Int-5}
  2901 | D        | Got the Orb of Zot
  2912 | D        | Escaped with the Orb!

Illustrated notes

Levels and vault maps discovered:
D:        sprint_v [room_start, room_1, room_2, room_3, room_4, room_5, room_6,
          room_7, room_8, room_9, room_10, room_11, room_12, room_13, room_14,
          room_15, room_16, room_17, room_18, room_19, room_20, room_21,
          room_22, room_23, room_24, room_25, room_26, room_27]

Skill      XL: |  1  2  3  4  5  6  7  8  9 10 11 12 13 14 15 16 17 18 19 |
---------------+----------------------------------------------------------+-----
Invocations    | 1 3 4 5 7 8 9 11 14 16 19 23 26 27 | 27.0
Fighting       | 4 5 6 8 9 10 12 14 15 18 22 26 27 | 27.0
Maces & Flails | 3 4 5 7 8 9 11 13 15 18 22 23 | 23.7
Armour         | 4 5 6 8 9 10 12 14 15 18 22 26 27 | 27.0
Shields        | 4 5 6 8 9 10 12 14 17 19 20 27 | 27.0
Dodging        | 5 8 12 15 21 23 24 | 24.7
Throwing       | 13 15 | 15.5
Evocations     | 13 15 | 15.5

Action                     |  1- 3 |  4- 6 |  7- 9 | 10-12 | 13-15 | 16-18 | 19-21 || total
---------------------------+-------+-------+-------+-------+-------+-------+-------++-------
  Melee: Shillelagh        |     3 |    19 |    25 |    77 |    75 |    83 |     9 ||   291
         Eveningstar       |       |       |       |       |     4 |       |       ||     4
 Invoke: Upheaval          |       |       |     2 |     8 |     3 |     5 |       ||    18
         Disaster Area     |       |       |       |     1 |    10 |    14 |     2 ||    27
         Elemental Force   |       |       |       |     1 |       |     1 |       ||     2
  Evoke: Wand              |       |       |       |     4 |     3 |     5 |       ||    12
    Use: Potion            |       |       |     1 |     2 |     1 |    12 |       ||    16
         Scroll            |       |       |       |     6 |     6 |     2 |       ||    14
 Armour: Gold dragon scale |     5 |    16 |     8 |    75 |    14 |    22 |     3 ||   143
  Dodge: Dodged            |       |       |     2 |    20 |    11 |    23 |     6 ||    62
         Repelled          |       |       |       |     1 |     2 |     2 |     1 ||     6
  Block: Tower shield      |     4 |    37 |    42 |   154 |   103 |   131 |    13 ||   484
         Reflection        |       |       |       |     6 |     6 |     1 |       ||    13

Table legend: (Time is in decaauts)
 A = Elapsed time spent in this place.
 B = Non-inter-level travel time spent in this place.
 C = Inter-level travel time spent in this place.
 D = Time resting spent in this place.
 E = Time spent auto-exploring this place.
 F = Levels seen in this place.
 G = Mean time per level.
                   A        B        C        D        E       F      G
               +--------+--------+--------+--------+--------+-----+--------+
         Total |   2809 |   2809 |      0 |   1218 |      0 |   1 | 2809.0 |
       Dungeon |   2809 |   2809 |      0 |   1218 |      0 |   1 | 2809.0 |
               +--------+--------+--------+--------+--------+-----+--------+

Top non-repeatable levels by time:
       D: 2809 daAuts
